 Dungeon Crawl Stone Soup version 0.27.0-1-g7a089689b8 (webtiles) character file.

Game seed: 14511513113820187403

30 sasquatch the Cudgeller (level 3, -3/31 HPs)
             Began as a Minotaur Berserker on Aug 3, 2021.
             Was a Follower of Trog.
             Slain by a kobold brigand (10 damage)
             ... on level 4 of the Dungeon.
             The game lasted 00:01:10 (892 turns).

sasquatch the Cudgeller (Minotaur Berserker)         Turns: 892, Time: 00:01:10

Health: -3/31      AC:  2    Str: 22    XL:     3   Next: 3%
Magic:  2/2        EV: 12    Int:  4    God:    Trog [*.....]
Gold:   54         SH:  0    Dex:  9    Spells: 2/2 levels left

rFire    . . .     SeeInvis .   f - +0 flail
rCold    . . .     Faith    .   (no shield)
rNeg     . . .     Spirit   .   b - +0 animal skin
rPois    .         Reflect  .   (helmet restricted)
rElec    .         Harm     .   (no cloak)
rCorr    .         Rampage  .   (no gloves)
Will     .....                  (no boots)
Stlth    +.........             (no amulet)
HPRegen  0.10/turn              (no ring)
MPRegen  0.08/turn              (no ring)

@: on berserk cooldown, slowed, very slow
A: horns 2, retaliatory headbutt
a: Renounce Religion, Berserk


You were on level 4 of the Dungeon.
You worshipped Trog.
Trog was aware of your devotion.
You visited 1 branch of the dungeon, and saw 4 of its levels.

You collected 54 gold pieces.

Inventory:

Hand Weapons
 f - a +0 flail (weapon)
Armour
 b - a +0 animal skin (worn)
Scrolls
 a - a scroll of enchant weapon {unknown}
 c - a scroll of vulnerability {unknown}
 e - a scroll of identify {unknown}
 h - a scroll of torment {unknown}
Potions
 d - 2 potions of ambrosia {unknown}
 g - a potion of degeneration {unknown}


   Skills:
 - Level 3.6 Fighting
 + Level 5.1 Maces & Flails
 - Level 2.4 Armour
 - Level 2.1 Dodging


You had 2 spell levels left.
You didn't know any spells.
Your spell library was empty.

Dungeon Overview and Level Annotations

Branches:
Dungeon (4/15)
 Temple: D:4-7

Altars:


Innate Abilities, Weirdness & Mutations

You have a pair of horns on your head.
You reflexively headbutt those who attack you in melee.


Message History

h - a scroll labelled MEHUES UCUGRUSK
Found 6 javelins.
You see here 6 javelins.
You see here 6 javelins.
A kobold brigand comes into view. It is wielding a +0 whip.
The kobold brigand unwields a +0 whip.
The kobold brigand wields a +0 hand crossbow.
The kobold brigand shoots a bolt.
The bolt hits you!
A red film seems to cover your vision as you go berserk!
You feel yourself moving faster!
You feel mighty!
The kobold brigand shoots a bolt.
The bolt hits you.
You feel a strong urge to attack something.
The kobold brigand shoots a bolt.
The bolt misses you.
Found 3 javelins.
You feel your anger nearly subside.
You are no longer berserk.
You are exhausted.
You feel yourself slow down.
The kobold brigand unwields a +0 hand crossbow.
The kobold brigand wields a +0 whip.
The kobold brigand closely misses you.
You hit the kobold brigand.
The kobold brigand is moderately wounded.
The kobold brigand closely misses you.
You hit the kobold brigand.
You headbutt the kobold brigand, but do no damage.
The kobold brigand is moderately wounded.
The kobold brigand closely misses you. You furiously retaliate!
You headbutt the kobold brigand. The kobold brigand barely misses you.
You closely miss the kobold brigand.
Your headbutt misses the kobold brigand.
The kobold brigand is heavily wounded.
The kobold brigand hits you with a +0 whip. x2
* * * LOW HITPOINT WARNING * * *
You hit the kobold brigand but do no damage.
The kobold brigand is heavily wounded.
The kobold brigand hits you with a +0 whip.
* * * LOW HITPOINT WARNING * * *
You closely miss the kobold brigand. You headbutt the kobold brigand.
The kobold brigand is heavily wounded.
The kobold brigand hits you with a +0 whip!
You die...

#.# #.###..## #.#
#.......(
#####.##
#####.###
.......## #.#
#..?..#### #.#
#.......#######.#
##..###.........#
#..# ###########
#@.# #.....K.#
######.## #.# #.#
#.# #(# #.#


You could see a kobold brigand.

Vanquished Creatures
  A hound skeleton (D:4)
  An adder zombie (D:2)
  A worm (D:4)
  2 ball pythons
  A bat skeleton (D:2)
  A bat zombie (D:2)
  An endoplasm (D:3)
  A quokka (D:2)
  A ball python skeleton (D:2)
  A bat (D:3)
  A kobold (D:1)
12 creatures vanquished.

Vanquished Creatures (others)
  4 toadstools (D:3)
4 creatures vanquished.

Grand Total: 16 creatures vanquished

Notes
Turn   | Place    | Note
-------+----------+-------------------------------------------
     0 | D:1      | sasquatch the Minotaur Berserker began the quest for the
                  | Orb.
     0 | D:1      | Reached XP level 1. HP: 19/19 MP: 0/0
   263 | D:2      | Reached skill level 4 in Maces & Flails
   316 | D:2      | Reached XP level 2. HP: 12/26 MP: 1/1
   795 | D:4      | Reached skill level 5 in Maces & Flails
   798 | D:4      | Reached XP level 3. HP: 31/31 MP: 2/2
   883 | D:4      | Noticed a kobold brigand
   892 | D:4      | Slain by a kobold brigand

Illustrated notes

Levels and vault maps discovered:
D:1:      dpeg_arrival_pond, layout_loops_ring,
          shapermc_ecumenical_altar_mp_highgroup
D:2:      layout_rooms, serial_undead, serial_undead_d, serial_undead_a,
          serial_undead_a, serial_undead_d, serial_undead_a, serial_undead_f,
          serial_undead_c, nrook_loot_triangle, uniq_terence
D:3:      cheibrodos_fertilizer, layout_basic, kennysheep_donut
D:4:      layout_loops_corners, mainiacjoe_overflow_alcove_1, serial_shops,
          kennysheep_mini, uniq_natasha

Skill      XL: |  1  2 |
---------------+-------+-----
Maces & Flails | 4 5 |  5.1
Fighting       | |  3.6
Armour         | |  2.4
Dodging        | |  2.1

Action                   || total
-------------------------++-------
Melee: Mace              ||    21
       Headbutt          ||     6
       Flail             ||    15
Invok: Berserk           ||     2
Armor: Animal skin       ||     3
Dodge: Dodged            ||    29
